 Dungeon Crawl Stone Soup version 0.29-a0-283-ga02f740833 (webtiles) character file.

Game seed: 1128779601347100839

34 kae the Skirmisher (level 3, -5/29 HPs)
             Began as a Merfolk Abyssal Knight on Mar 13, 2022.
             Was a Believer of Lugonu.
             Slain by a gnoll
             ... wielding a +1 flail of venom
              (8 damage)
             ... on level 1 of the Dungeon.
             The game lasted 00:00:48 (1205 turns).

kae the Skirmisher (Merfolk Abyssal Knight)         Turns: 1205, Time: 00:00:49

Health: -5/29      AC:  4    Str: 13    XL:     3   Next: 31%
Magic:  4/4        EV: 12    Int:  9    God:    Lugonu [**....]
Gold:   70         SH:  0    Dex: 14    Spells: 2/2 levels left

rFire   . . .      SeeInvis .   a - +1 falchion
rCold   . . .      Faith    .   (no shield)
rNeg    . . .      Spirit   .   b - +0 leather armour
rPois   .          Reflect  .   (no helmet)
rElec   .          Harm     .   (no cloak)
rCorr   .          Rampage  .   (no gloves)
Will    .....                   (no boots)
Stlth   +.........              (no amulet)
HPRegen 0.09/turn               (no ring)
MPRegen 0.09/turn               (no ring)

@: lethally poisoned (-5 -> -8)
A: (nimble swimmer 2), mertail, clumsy 1, shaggy fur 1
a: Renounce Religion, Depart the Abyss, Bend Space


You were on level 1 of the Dungeon.
You worshipped Lugonu.
Lugonu was pleased with you.
You visited 1 branch of the dungeon, and saw 2 of its levels.
You visited the Abyss 1 time.

You collected 70 gold pieces.

Inventory:

Hand Weapons
 a - a +1 falchion (weapon)
Armour
 b - a +0 leather armour (worn)
Jewellery
 e - an amulet of faith
Scrolls
 c - a scroll of brand weapon {unknown}
 d - a scroll of vulnerability {unknown}
 f - 2 scrolls of identify {unknown}
 h - a scroll of teleportation {unknown}


   Skills:
 + Level 3.6 Fighting
 * Level 3.3 Long Blades
 - Level 0.6 Armour
 + Level 3.2 Dodging
 + Level 2.4 Invocations


You had 2 spell levels left.
You didn't know any spells.
Your spell library contained the following spells:

 Spells                   Type           Power      Damage    Failure   Level
 Slow                     Hex            0%         N/A       45%         1
 Ensorcelled Hibernation  Hex/Ice        0%         N/A       61%         2
 Confusing Touch          Hex            0%         N/A       83%         3
 Conjure Flame            Conj/Fire      0%         6-21      83%         3
 Gell's Gravitas          Tloc           0%         N/A       83%         3
 Ignite Poison            Fire/Tmut/Pois 0%         N/A       83%         3
 Lesser Beckoning         Tloc           0%         N/A       83%         3
 Spider Form              Tmut/Pois      0%         N/A       83%         3
 Teleport Other           Tloc           0%         N/A       83%         3
 Vampiric Draining        Necr           0%         2d6       83%         3
 Anguish                  Hex/Necr       0%         N/A       99%         4
 Sticky Flame             Conj/Fire      0%         2d3       99%         4


Dungeon Overview and Level Annotations

Branches:
Dungeon (2/15)

Altars:
Ashenzari


Innate Abilities, Weirdness & Mutations

((You are very nimble when in or above water. (Stealth+, EV+, Speed+++)))
Your lower body shifts to a powerful aquatic tail in water.
You are clumsy. (Dex -2)
You are covered in fur. (AC +1)


Message History

There are monsters nearby!
The gnoll throws a throwing net.
The throwing net closely misses you.
You see here a throwing net.
The gnoll shouts!
You see here a +0 robe.
You see here 26 stones.
The gnoll attacks as you move away!
The gnoll hits you with a +1 flail of venom!
There is a stone staircase leading up here.
The gnoll barely misses you.
You climb upwards.
There is a stone staircase leading down here.
You closely miss the gnoll. You punch the gnoll, but do no damage.
The gnoll hits you with a +1 flail of venom.
You are too injured to fight recklessly!
You are too injured to fight recklessly!
You are too injured to fight recklessly!
You hit the gnoll.
The gnoll is lightly wounded.
The gnoll hits you with a +1 flail of venom!
You are lethally poisoned!
You hit the gnoll.
The gnoll is moderately wounded.
* * * LOW HITPOINT WARNING * * *
You feel very sick. The gnoll barely misses you.
You hit the gnoll.
The gnoll is moderately wounded.
* * * LOW HITPOINT WARNING * * *
You feel sick. The gnoll barely misses you.
You hit the gnoll.
The gnoll is severely wounded.
* * * LOW HITPOINT WARNING * * *
You feel sick. The gnoll misses you.
It was a potion of mutation.
You feel extremely strange. Fur sprouts all over your body.
You feel clumsy.
* * * LOW HITPOINT WARNING * * *
You feel sick.
The gnoll hits you with a +1 flail of venom!
You die...

##########.# #....########
#.......##.# #........)..#
'........#.###...........#
#........#...............#
#.................########
#.......##.....##.......#
#.......##..(##.........#
##########...##.........#
.........'....÷g@.#######
###.##...#...##...# #
#.##...#######'##
###+##...#........#
#.......#........#
#.....###..).....#
#.....###........#
#.....#.....###+###
##.....#.....##....#


You could see a gnoll.

Vanquished Creatures
  A ball python (D:1)
  4 endoplasms
  4 giant cockroaches (D:1)
  2 goblins (D:1)
  A hobgoblin (D:1)
  4 jackals (D:1)
  3 kobolds (D:1)
  A quokka (D:1)
  4 bats
  4 frilled lizards
  A rat (D:1)
29 creatures vanquished.

Notes
Turn   | Place    | Note
-------+----------+-------------------------------------------
     0 | Abyss:1  | kae the Merfolk Abyssal Knight began the quest for the Orb.
     0 | Abyss:1  | Reached XP level 1. HP: 18/18 MP: 2/2
     3 | Abyss:1  | Found a corrupted altar of Lugonu.
    72 | Abyss:1  | Noticed a starcursed mass
    72 | Abyss:1  | Noticed a starcursed mass
    72 | D:1      | Escaped the Abyss
   249 | D:1      | Reached XP level 2. HP: 24/24 MP: 3/3
   251 | D:1      | Reached ** piety under Lugonu
   693 | D:1      | Reached XP level 3. HP: 24/29 MP: 4/4
  1103 | D:2      | Found a broken altar of Ashenzari.
  1205 | D:1      | Gained mutation: You are covered in fur. (AC +1) [potion of
                  | mutation]
  1205 | D:1      | Gained mutation: You are clumsy. (Dex -2) [potion of
                  | mutation]
  1205 | D:1      | Slain by a gnoll

Illustrated notes

Levels and vault maps discovered:
D:1:      saegor_arrival_simple_c, layout_basic
D:2:      layout_rooms, basic_altar, uniq_sigmund

Skill      XL: |  1  2 |
---------------+-------+-----
Dodging        | 3 |  3.2
Long Blades    | 3 |  3.3
Fighting       | |  3.6
Armour         | |  0.6
Invocations    | |  2.4

Action                   || total
-------------------------++-------
Melee: Falchion          ||    81
       Punch             ||     3
Invok: Depart the Abyss  ||     1
  Use: Potion            ||     1
Armor: Leather armour    ||    20
Dodge: Dodged            ||    55

Table legend: (Time is in decaauts)
 A = Elapsed time spent in this place.
 B = Non-inter-level travel time spent in this place.
 C = Inter-level travel time spent in this place.
 D = Time resting spent in this place.
 E = Time spent auto-exploring this place.
 F = Levels seen in this place.
 G = Mean time per level.
                   A        B        C        D        E       F      G
               +--------+--------+--------+--------+--------+-----+--------+
         Total |   1217 |   1211 |      6 |    145 |    849 |   3 |  405.7 |
       Dungeon |   1145 |   1139 |      6 |    145 |    780 |   2 |  572.5 |
         Abyss |     72 |     72 |      0 |      0 |     69 |   1 |   72.0 |
               +--------+--------+--------+--------+--------+-----+--------+

Top non-repeatable levels by time:
     D:1: 1003 daAuts
     D:2: 142 daAuts
 Abyss:1: 72 daAuts
